 Dungeon Crawl Stone Soup version 0.23-a0-275-g0cf4261 (webtiles) character file.

1959442 Mgcat the Ruinous (level 27, 182/182 HPs)
             Began as a Gargoyle Fire Elementalist on Sept 24, 2018.
             Was the Champion of Vehumet.
             Escaped with the Orb
             ... and 4 runes on Oct 2, 2018!
             The game lasted 06:59:14 (104297 turns).

Mgcat the Ruinous (Gargoyle Fire Elementalist)    Turns: 104297, Time: 06:59:14

Health: 182/182    AC: 41    Str: 15    XL:     27
Magic:  48/48      EV: 24    Int: 31    God:    Vehumet [******]
Gold:   3078       SH: 17    Dex: 12    Spells: 20/69 levels left

rFire    + + +     SeeInvis +   b - staff of conjuration {!a}
rCold    + + .     Gourm    .   p - +4 shield {reflect}
rNeg     + + .     Faith    .   z - quicksilver dragon scales
rPois    ∞         Spirit   .   k - -2 hat of the Alchemist {rElec rPois rF+ rC+ rN+ MR+ rMut rCorr}
rElec    +         Reflect  +   D - scarf {rC+ rF+}
rCorr    +         Harm     .   j - +2 pair of gloves of the Turtle {rElec rPois}
rMut     +                      I - +2 pair of boots of the Hart {rC+ Dex+4}
MR       +++++                  J - amulet "Kavaemp" {+Inv MR+ Regen+ SInv}
Stlth    +.........             l - ring of Phasing {EV+8}
HPRegen  0.80/turn              O - ring of Syguggoh {Fire rPois MR+ Int+5 Dex-2}
MPRegen  0.31/turn

@: flying
A: big wings, negative energy resistance 1, electricity resistance, unbreathing,
petrification resistance, rot immunity, AC +20
0: Orb of Zot
}: 4/15 runes: barnacled, slimy, silver, gossamer
a: Stop Flying, Renounce Religion, Evoke Invisibility


You escaped.
You worshipped Vehumet.
Vehumet was exalted by your worship.
You were full.

You visited 11 branches of the dungeon, and saw 55 of its levels.
You visited 1 bazaar.

You collected 8911 gold pieces.
You spent 5833 gold pieces at shops.

Inventory:

Hand Weapons
 o - the +11 morningstar of Ugutyr {crush, +Rage rN+ Str+3 Dex+4}
   (You took it off a fire giant on level 2 of the Depths)

   It inflicts extra damage upon your enemies.
   It affects your strength (+3).
   It affects your dexterity (+4).
   It protects you from negative energy.
   It lets you go berserk.
Missiles
 f - 15 throwing nets {=f, !d}
Armour
 j - the +2 pair of gloves of the Turtle (worn) {rElec rPois}
   (You took it off Nikola on level 3 of the Vaults)

   It insulates you from electricity.
   It protects you from poison.
 k - the -2 hat of the Alchemist (worn) {rElec rPois rF+ rC+ rN+ MR+ rMut rCorr}
   (You bought it in a shop on level 4 of the Vaults)

   It protects you from fire.
   It protects you from cold.
   It insulates you from electricity.
   It protects you from poison.
   It protects you from negative energy.
   It affects your resistance to hostile enchantments.
   It provides partial protection from all sources of acid and corrosion.
   It protects you from mutation.
 p - a +4 shield of reflection (worn)
   (You found it on level 4 of the Shoals)
 z - quicksilver dragon scales (worn)
   (You found it on level 3 of the Depths)
 D - a scarf of resistance (worn)
   (You found it on level 2 of the Lair of Beasts)
 I - the +2 pair of boots of the Hart (worn) {rC+ Dex+4}
   (You acquired it on level 1 of the Elven Halls)

   It affects your dexterity (+4).
   It protects you from cold.
Magical Staves
 b - an uncursed staff of conjuration (weapon) {!a}
   (You found it on level 15 of the Dungeon)
 e - an uncursed staff of fire {rF+}
   (You took it off a spriggan air mage on level 1 of the Depths)
 n - an uncursed staff of energy {+MP, hungerless spells, !d!a@w1}
   (You found it on level 4 of the Shoals)
 F - an uncursed staff of wizardry {wiz+, !a}
   (You found it on level 4 of the Shoals)
Jewellery
 l - the ring of Phasing (left hand) {EV+8}
   (You found it on level 4 of the Spider Nest)

   [ring of evasion]

   It affects your evasion (+8).
 J - the amulet "Kavaemp" (around neck) {+Inv MR+ Regen+ SInv}
   (You acquired it on level 2 of the Orcish Mines)

   [amulet of regeneration]

   It affects your resistance to hostile enchantments.
   It lets you see invisible.
   It lets you turn invisible.
   It increases your rate of regeneration.
 O - the ring of Syguggoh (right hand) {Fire rPois MR+ Int+5 Dex-2}
   (You found it on level 4 of the Vaults)

   [ring of fire]

   It enhances your fire magic.
   It affects your intelligence (+5).
   It affects your dexterity (-2).
   It protects you from fire.
   It makes you vulnerable to cold.
   It protects you from poison.
   It affects your resistance to hostile enchantments.
Wands
 t - a wand of scattershot (7)
   (You found it on level 5 of the Vaults)
 y - a wand of digging (21)
   (You found it on level 7 of the Dungeon)
 A - a wand of acid (16)
   (You took it off a centaur on level 8 of the Dungeon)
 K - a wand of iceblast (79)
   (You found it on level 5 of the Lair of Beasts)
 L - a wand of polymorph (76)
   (You found it on level 1 of the Lair of Beasts)
Scrolls
 a - 3 scrolls of summoning
 h - 15 scrolls of remove curse
 r - 21 scrolls of teleportation
 x - 9 scrolls of blinking {!r}
 B - 2 scrolls of magic mapping {!r}
 E - 7 scrolls of identify
 H - 2 scrolls of holy word {!r}
 T - 3 scrolls of amnesia
 X - 6 scrolls of fear
 Z - a scroll of fog
Potions
 d - 20 potions of curing
 g - 9 potions of heal wounds
 m - 8 potions of might
 s - 6 potions of agility
 u - 5 potions of ambrosia
 w - 7 potions of mutation {!q}
 C - 7 potions of cancellation
 M - 7 potions of invisibility
 N - 6 potions of brilliance
 S - 3 potions of haste
Miscellaneous
 i - a phial of floods
   (You found it on level 5 of the Pits of Slime)
 q - a lamp of fire
   (You found it on level 5 of the Vaults)
 G - 2 phantom mirrors
Comestibles
 c - 20 rations


   Skills:
 + Level 21.0 Fighting
   Level 5.0 Polearms
 - Level 15.2 Armour
 - Level 10.0 Dodging
 - Level 2.1 Stealth
 - Level 15.0 Shields
 + Level 21.5 Spellcasting
 - Level 24.0 Conjurations
 - Level 5.0 Charms
 - Level 22.4 Fire Magic
 + Level 18.9 Earth Magic
 - Level 12.0 Evocations


You had 20 spell levels left.
You knew the following spells:

 Your Spells              Type           Power        Failure   Level  Hunger
a - Ring of Flames        Chrm/Fire      ########..   4%          7    ##.....
b - Lehudib's Crystal Sp  Conj/Erth      ########..   1%          8    ####...
c - Conjure Flame         Conj/Fire      ########     0%          3    None
d - Sticky Flame          Conj/Fire      ########     0%          4    None
e - Fireball              Conj/Fire      #########.   0%          5    None
f - Iron Shot             Conj/Erth      ########..   1%          6    None
h - Fire Storm            Conj/Fire      #########.   3%          9    ######.
j - Lee's Rapid Deconstr  Erth           ########..   0%          5    None
k - Swiftness             Chrm/Air       #####...     1%          2    None

Your spell library contained the following spells:

 Spells                   Type           Power        Failure   Level  Hunger
 Glaciate                 Conj/Ice       ########..   94%         9    ######.
 Tornado                  Air            ####......   100%        9    ######.
 Flame Tongue             Conj/Fire      #####        0%          1    None
 Magic Dart               Conj           ####         0%          1    None
 Sandblast                Erth           ######       0%          1    None
 Shock                    Conj/Air       ####         0%          1    None
 Sting                    Conj/Pois      ####         0%          1    None
 Searing Ray              Conj           ######       0%          2    None
 Throw Flame              Conj/Fire      ######       0%          2    None
 Throw Frost              Conj/Ice       ######       0%          2    None
 Stone Arrow              Conj/Erth      ######       0%          3    None
 Iskenderun's Mystic Bla  Conj           ########     0%          4    None
 Bolt of Magma            Conj/Fire/Erth #########.   0%          5    None
 Bolt of Fire             Conj/Fire      #########.   0%          6    None
 Animate Skeleton         Necr           N/A          1%          1    None
 Apportation              Tloc           ####..       1%          1    None
 Beastly Appendage        Tmut           ####..       1%          1    None
 Corona                   Hex            ####...      1%          1    None
 Freeze                   Ice            ####         1%          1    None
 Pain                     Necr           ####         1%          1    None
 Summon Butterflies       Summ           ####....     1%          1    None
 Summon Small Mammal      Summ           ####         1%          1    None
 Passwall                 Tmut/Erth      #######.     1%          2    None
 Dazzling Spray           Conj/Hex       ######       1%          3    None
 Ignite Poison            Fire/Tmut/Pois #######.     1%          3    None
 Inner Flame              Hex/Fire       ########     1%          3    None
 Mephitic Cloud           Conj/Pois/Air  #######.     1%          3    None
 Ozocubu's Armour         Chrm/Ice       #####...     1%          3    None
 Regeneration             Chrm/Necr      #####.....   1%          3    None
 Static Discharge         Conj/Air       ########     1%          3    None
 Force Lance              Conj/Tloc      ########     1%          4    None
 Fulminant Prism          Conj/Hex       ########..   1%          4    None
 Leda's Liquefaction      Hex/Erth       #######...   1%          4    None
 Petrify                  Tmut/Erth      #######.     1%          4    None
 Throw Icicle             Conj/Ice       ########     1%          4    None
 Bolt of Draining         Conj/Necr      ########..   1%          5    None
 Borgnjor's Vile Clutch   Necr/Erth      #######...   1%          5    None
 Irradiate                Conj/Tmut      ########..   1%          5    None
 Iskenderun's Battlesphe  Conj/Chrm      ########     1%          5    None
 Lightning Bolt           Conj/Air       ########..   1%          5    None
 Venom Bolt               Conj/Pois      ########..   1%          5    None
 Bolt of Cold             Conj/Ice       ########..   1%          6    None
 Conjure Ball Lightning   Conj/Air       ########..   1%          6    None
 Poison Arrow             Conj/Pois      ########..   1%          6    None
 Orb of Destruction       Conj           ########..   1%          7    ##.....
 Ignition                 Fire           ########..   1%          8    ####...
 Blink                    Tloc           N/A          2%          2    None
 Call Imp                 Summ           ####....     2%          2    None
 Corpse Rot               Necr           N/A          2%          2    None
 Ensorcelled Hibernation  Hex/Ice        ####..       2%          2    None
 Poisonous Vapours        Pois/Air       ####..       2%          2    None
 Slow                     Hex            ####....     2%          2    None
 Sticks to Snakes         Tmut           ####....     2%          2    None
 Freezing Cloud           Conj/Ice/Air   #######...   2%          6    None
 Spellforged Servitor     Conj/Summ      ########..   2%          7    ##.....
 Call Canine Familiar     Summ           ####....     4%          3    None
 Confuse                  Hex            ####....     4%          3    None
 Lesser Beckoning         Tloc           ####......   4%          3    None
 Portal Projectile        Hex/Tloc       ####..       4%          3    None
 Recall                   Summ/Tloc      N/A          4%          3    None
 Spider Form              Tmut/Pois      ####......   4%          3    None
 Summon Guardian Golem    Hex/Summ       ####....     4%          3    None
 Tukima's Dance           Hex            ####....     4%          3    None
 Vampiric Draining        Necr           ####......   4%          3    None
 Airstrike                Air            ####......   4%          4    None
 Olgreb's Toxic Radiance  Pois           ####....     4%          4    None
 Yara's Violent Unravell  Hex/Tmut       ####......   12%         5    None
 Animate Dead             Necr           N/A          16%         4    None
 Cause Fear               Hex            ####......   16%         4    None
 Ice Form                 Ice/Tmut       ####....     16%         4    None
 Summon Ice Beast         Ice/Summ       ####....     16%         4    None
 Summon Lightning Spire   Summ/Air       ####....     16%         4    None
 Excruciating Wounds      Chrm/Necr      #####.....   16%         5    None
 Shatter                  Erth           ########..   17%         9    ######.
 Chain Lightning          Conj/Air       ########..   19%         8    ####...
 Agony                    Necr           ####....     41%         5    None
 Alistair's Intoxication  Tmut/Pois      ####....     41%         5    None
 Aura of Abjuration       Summ           ####......   41%         5    None
 Blade Hands              Tmut           ####......   41%         5    None
 Dispel Undead            Necr           ####....     41%         5    None
 Metabolic Englaciation   Hex/Ice        ####......   41%         5    None
 Silence                  Hex/Air        ####......   41%         5    None
 Summon Demon             Summ           ####......   41%         5    None
 Summon Forest            Summ/Tloc      ####......   41%         5    None
 Summon Mana Viper        Hex/Summ       ####....     41%         5    None
 Ozocubu's Refrigeration  Ice            ####......   50%         6    None
 Deflect Missiles         Chrm/Air       #####.....   65%         6    None
 Darkness                 Hex            ####......   94%         6    None
 Death Channel            Necr           ####......   94%         6    None
 Hydra Form               Tmut           ####......   94%         6    None
 Invisibility             Hex            ####....     94%         6    None
 Shadow Creatures         Summ           N/A          94%         6    None
 Simulacrum               Ice/Necr       ####......   94%         6    None
 Dragon Form              Tmut           ####......   100%        7    ##.....
 Haunt                    Necr/Summ      ####......   100%        7    ##.....
 Malign Gateway           Summ/Tloc      ####......   100%        7    ##.....
 Summon Hydra             Summ           ####......   100%        7    ##.....
 Borgnjor's Revivificati  Necr           ####......   100%        8    ####...
 Death's Door             Chrm/Necr      #####.....   100%        8    ####...
 Discord                  Hex            ####......   100%        8    ####...
 Infestation              Necr           ####......   100%        8    ####...
 Necromutation            Tmut/Necr      ####......   100%        8    ####...
 Sublimation of Blood     Necr           Unusable     N/A         2    N/A
 Statue Form              Tmut/Erth      Unusable     N/A         6    N/A

Dungeon Overview and Level Annotations

Branches:
Dungeon (15/15)            Temple (1/1) D:5            Lair (6/6) D:9
 Shoals (4/4) Lair:3       Spider (4/4) Lair:3        Slime (5/5) Lair:6
    Orc (2/2) D:12            Elf (3/3) Orc:2        Vaults (5/5) D:14
  Crypt (0/3) Vaults:3     Depths (5/5) D:15            Zot (5/5) Depths:5

Altars:
Ashenzari
Cheibriados
Dithmenos
Elyvilon
Fedhas
Gozag
Hepliaklqana
Kikubaaqudgha
Makhleb
Nemelex Xobeh
Okawaru
Qazlal
Ru
Sif Muna
Trog
Uskayaw
Vehumet
Wu Jian
Xom
Yredelemnul
Zin
The Shining One
Beogh

Shops:
D:8 }   D:12 (   D:14 =   Orc:2 !([?   Elf:1 :   Elf:2 ***:   Vaults:1 (
Vaults:2 (   Vaults:3 ?   Vaults:4 [

Portals:
Hell: Lair:6 Depths:1 Depths:2 Depths:3 Depths:4 Depths:5
Abyss: Depths:4
Pandemonium: Depths:1 Depths:3
Ziggurat: Depths:4
Bazaar: Elf:2

Annotations:
D:10 2 transporters, Arum's ghost, journeyman FoFi
D:13 3 runed doors, digijack's ghost, journeyman MiBe
Depths:1 exclusion: downstairs
Zot:4 7 exclusions


Innate Abilities, Weirdness & Mutations

You are resistant to torment.
Your stone body is resilient. (AC +20)
You are immune to poison.
Your large and strong wings let you fly indefinitely.
You resist negative energy. (rN+)
You are resistant to electric shocks. (rElec)
You can survive without breathing.
You are immune to petrification.
You are immune to rotting.


Message History

Confirm with . or Enter, or press ? or * to list all spells.
You can't see any susceptible monsters within range! (Use Z to cast anyway.)
Casting: Lehudib's Crystal Spear (safe; 1% risk of failure)
Confirm with . or Enter, or press ? or * to list all spells.
You can't see any susceptible monsters within range! (Use Z to cast anyway.)
Casting: Lehudib's Crystal Spear (safe; 1% risk of failure)
Confirm with . or Enter, or press ? or * to list all spells.
Aiming: Fire Storm (slightly dangerous; 3% risk of failure)
Press: ? - help, Dir - move target cursor, f - crimson imp
Aim: a crimson imp You feel a strong surge of power!
A raging storm of fire appears!
The great blast of fire engulfs the crimson imp.
The crimson imp partially resists.
You kill the crimson imp!
Vehumet accepts your kill.
You feel your power returning.
(D) Dungeon (T) Temple (L) Lair (A) Shoals (N) Spider Nest (M) Slime Pits (O) Orcish Mines (E) Elven Halls (V) Vaults (C) Crypt (U) Depths (H) Hell (Z) Zot
Where to? (Enter - D:1 @ (x,y), ? - help)
Things that are here:
a robe; a dagger
Things that are here:
a robe; an enchanted long sword
There is a stone staircase leading up here.
You fly upwards.
There is a stone staircase leading down here.
Magic restored.
There is a stone staircase leading up here.
You fly upwards.
There is a stone staircase leading down here.
There is a stone staircase leading up here.
You fly upwards.
There is a stone staircase leading down here.
A sixfirhy comes into view.
The sixfirhy moves out of view.
(D) Dungeon (T) Temple (L) Lair (A) Shoals (N) Spider Nest (M) Slime Pits (O) Orcish Mines (E) Elven Halls (V) Vaults (C) Crypt (U) Depths (H) Hell (Z) Zot
Where to? (Enter - D:1 @ (x,y), ? - help)
You hear a grinding noise.
A cacodemon comes into view.
The cacodemon shouts!
Casting: Fire Storm (slightly dangerous; 3% risk of failure)
Confirm with . or Enter, or press ? or * to list all spells.
Aiming: Fire Storm (slightly dangerous; 3% risk of failure)
Press: ? - help, Dir - move target cursor You feel a strong surge of power!
A raging storm of fire appears!
The great blast of fire engulfs the sixfirhy.
You kill the sixfirhy!
Vehumet accepts your kill.
You feel your power returning.
The great blast of fire engulfs the cacodemon.
The cacodemon is heavily wounded.
The cacodemon is engulfed in blazing flames.
Casting: Fire Storm (slightly dangerous; 3% risk of failure)
Confirm with . or Enter, or press ? or * to list all spells.
Aiming: Lehudib's Crystal Spear (safe; 1% risk of failure)
Press: ? - help, Shift-Dir - straight line You feel a surge of power!
The crystal spear hits the cacodemon.
You kill the cacodemon!
Vehumet accepts your kill.
You feel your power returning.
(D) Dungeon (T) Temple (L) Lair (A) Shoals (N) Spider Nest (M) Slime Pits (O) Orcish Mines (E) Elven Halls (V) Vaults (C) Crypt (U) Depths (H) Hell (Z) Zot
Where to? (Enter - D:1 @ (x,y), ? - help)
There is a stone staircase leading up here.
You fly upwards.
There is a stone staircase leading down here.
Magic restored.
There is a stone staircase leading up here.
You see here an uncursed amulet of inaccuracy.
You fly upwards.
A blizzard demon comes into view.
There is a stone staircase leading down here.
Casting: Lehudib's Crystal Spear (safe; 1% risk of failure)
Confirm with . or Enter, or press ? or * to list all spells.
Aiming: Fire Storm (slightly dangerous; 3% risk of failure)
Press: ? - help, Dir - move target cursor You feel a strong surge of power!
A raging storm of fire appears!
The great blast of fire engulfs the blizzard demon.
The blizzard demon is burned terribly!
You kill the blizzard demon!
Vehumet accepts your kill.
You feel your power returning.
(D) Dungeon (T) Temple (L) Lair (A) Shoals (N) Spider Nest (M) Slime Pits (O) Orcish Mines (E) Elven Halls (V) Vaults (C) Crypt (U) Depths (H) Hell (Z) Zot
Where to? (Enter - D:1 @ (x,y), ? - help)
There is a stone staircase leading up here.
You fly upwards.
There is a stone staircase leading down here.
Magic restored.
There is a staircase leading out of the dungeon here.
You have escaped!

#...## #.# #.# #.# #.#.# ##+.#
#.###.# #.# #.#.# #..# #.....#
#.# #.#.# ##.## #.##### #.#
#.#.# #..## #.# #.# #.#.##
##...###### #.# #.# #.#...
##.........# #.# #.# #.#.##
......####.#############.# #.#.#
##.#.#.........#@..#.≈##.###.#.#
.......###.#####..#.##.#.#..##.#
##.#.### #.# #.###.§#.#§≈.##.#
#.#.#####.# #..#.###.#.≈#.#.#
#.........# ##.##.#.≈...≈.#.#
###.####### #.##.####.##..#.#
#.# ##..#≈#..######.## #.#
#...#..##..#.##..# #.#
##.##.##.##.#.#.#.


There were no monsters in sight!

Vanquished Creatures
  the Royal Jelly (Slime:5)
  Tiamat (Zot:5)
  5 ancient liches
  10 orbs of fire
  Mennas (Vaults:3)
  2 juggernauts (Depths:4)
  5 curse toes
  2 Killer Klowns (Zot:5)
  13 golden dragons
  4 caustic shrikes (Depths:4)
  Arachne (Spider:4)
  21 tentacled monstrosities
  4 electric golems
  Rupert (D:14)
  27 Orb Guardians
  4 liches
  4 deep elf blademasters (Elf:3)
  2 deep elf master archers (Elf:3)
  10 titans
  6 quicksilver dragons
  27 acid blobs
  An Executioner (D:15)
  9 death cobs
  6 sphinxes
  2 thorn hunters (Elf:1)
  Gastronok (Lair:2)
  7 tengu reavers
  9 shadow dragons
  Polyphemus (Shoals:4)
  8 frost giants
  10 storm dragons
  Roxanne (D:15)
  9 draconian monks
  10 azure jellies
  Ilsuiw (Shoals:4)
  7 fire giants
  8 draconian scorchers
  2 iron dragons
  9 ghost moths
  5 deep elf sorcerers
  18 vault wardens
  An orc warlord (Orc:2)
  Louise (D:15)
  A balrug (Depths:4)
  5 emperor scorpions
  12 draconian knights
  A cacodemon (D:4)
  5 deep elf elementalists
  12 ironheart preservers
  6 draconian shifters
  17 very ugly things
  A caustic shrike skeleton (Depths:2)
  5 spriggan defenders
  16 stone giants
  11 draconian annihilators
  5 draconian stormcallers
  16 green draconians
  10 deep elf demonologists
  2 entropy weavers
  Nessos (D:14)
  12 yellow draconians
  10 deep elf annihilators
  11 purple draconians
  16 red draconians
  11 white draconians
  10 black draconians
  Azrael (D:12)
  8 spark wasps
  4 merfolk javelineers
  Snorg (D:11)
  A dire elephant (Lair:6)
  11 ettins
  10 death oozes
  19 yaktaur captains
  A blizzard demon (D:2)
  7 deep elf death magi
  Harold (D:7)
  8 fire dragons
  10 merfolk impalers
  23 great orbs of eyes
  4 deep elf high priests
  Erolcha (D:10)
  34 vault guards
  A monstrous demonspawn (Depths:1)
  3 rakshasas
  2 hell beasts
  2 alligator snapping turtles
  2 catoblepae (Shoals:4)
  10 spriggan air magi
  11 ice dragons
  6 hydras
  16 centaur warriors
  5 merfolk aquamancers
  2 death knights (D:15)
  52 two-headed ogres
  6 deep troll shamans
  8 tengu warriors
  23 dancing weapons
  16 ogre magi
  5 deep troll earth magi
  2 vampire magi
  6 satyrs
  8 death scarabs (Spider:4)
  Urug (Orc:2)
  3 death yaks (Shoals:4)
  Nergalle (D:10)
  6 spriggan berserkers
  3 iron trolls
  15 deep elf knights
  A shadow wraith (Vaults:4)
  A fire crab (D:14)
  A spectral emperor scorpion (Spider:4)
  5 spriggans
  2 sun demons (Depths:4)
  2 sixfirhies
  The ghost of Thaneod the Cleaver, a novice VSFi of Okawaru (D:8)
  7 hell knights
  5 flayed ghosts
  2 skeletal warriors (D:15)
  A spark wasp zombie (Depths:2)
  8 glowing orange brains
  A torturous demonspawn (Depths:3)
  17 sea snakes
  19 deep trolls
  11 wizards
  14 unseen horrors
  An unseen horror (shapeshifter) (Depths:3)
  3 obsidian statues
  14 deep elf archers
  22 ironbrand convokers
  A lindwurm (Lair:6)
  5 phantasmal warriors
  23 orc knights
  3 spectral wolf spiders (Spider:4)
  25 harpies
  7 necromancers
  46 ugly things
  38 wolf spiders
  An orb spider (shapeshifter) (Depths:2)
  12 manticores
  20 orb spiders
  5 wolf spider zombies
  3 orc sorcerers
  A wolf spider (shapeshifter) (Vaults:5)
  A faun (shapeshifter) (Depths:3)
  61 deep elf magi
  3 oklob plants
  A tengu skeleton (Vaults:3)
  12 cyclopes
  16 fauns
  A moth of wrath (shapeshifter) (Depths:3)
  3 manticores (shapeshifter)
  25 moths of wrath
  9 shining eyes
  An ice statue (Shoals:4)
  An elephant (D:8)
  A rust devil (Depths:1)
  A stone giant skeleton (Vaults:3)
  2 elephants (shapeshifter) (Depths:3)
  8 merfolk sirens
  2 eyes of devastation (Slime:4)
  An eye of devastation (shapeshifter) (Depths:3)
  3 molten gargoyles (Elf:1)
  6 black mambas
  6 water nymphs
  Maurice (Orc:2)
  A water nymph (shapeshifter) (Vaults:1)
  A human skeleton (Vaults:3)
  10 vault sentinels
  2 centaur zombies (D:12)
  9 spiny frogs
  4 rime drakes
  2 efreet (D:14)
  2 rime drakes (shapeshifter)
  4 orange demons
  8 freezing wraiths
  An ice devil (Lair:6)
  50 yaktaurs
  4 spectral redbacks (Spider:4)
  A redback zombie (Spider:4)
  8 komodo dragons
  11 demonic crawlers
  2 tengu conjurers
  3 hellwings
  A merfolk (shapeshifter) (Depths:3)
  2 red devils (Lair:6)
  31 jumping spiders
  A polar bear (Lair:2)
  8 wind drakes
  2 jumping spiders (shapeshifter)
  5 spectral jumping spiders (Spider:4)
  15 merfolk
  4 spectral tarantellas (Spider:4)
  9 trolls
  A raiju (shapeshifter) (Depths:3)
  A blink frog (shapeshifter) (D:15)
  108 slime creatures
  A hornet (shapeshifter) (Depths:3)
  16 hornets
  12 blink frogs
  8 hippogriffs
  3 snapping turtles
  9 small abominations
  15 dream sheep
  A tarantella zombie (Spider:4)
  A spriggan (shapeshifter) (Depths:2)
  94 redbacks
  A shadow (D:12)
  4 air elementals
  19 water elementals
  12 fire elementals
  33 tarantellas
  16 humans
  25 yaks
  2 vampires
  3 wraiths (D:15)
  A ynoxinul (Depths:3)
  A tarantella (shapeshifter) (Depths:2)
  3 wyverns
  A human (shapeshifter) (Depths:2)
  3 chaos spawn
  A steam dragon (D:13)
  7 basilisks
  7 large abominations
  15 golden eyes
  A neqoxec (Depths:1)
  2 hungry ghosts
  8 vampire mosquitoes
  4 wargs
  A naga (shapeshifter) (Vaults:1)
  An acid dragon (D:15)
  11 water moccasins
  Duvessa (D:4)
  A spectral hornet (Spider:4)
  4 floating eyes (shapeshifter)
  A water moccasin (shapeshifter) (Vaults:5)
  3 hell hounds (Lair:6)
  9 porcupines
  2 human zombies (Vaults:3)
  49 orc warriors
  8 eyes of draining
  3 phantoms
  2 black bears
  The ghost of Karim the Skirmisher, an amateur GnAK of Lugonu (D:6)
  A hornet zombie (Spider:4)
  4 sky beasts
  8 ice beasts
  24 wolves
  6 boggarts
  33 centaurs
  38 ogres
  A tengu (shapeshifter) (Depths:3)
  12 crocodiles
  4 elf zombies (Elf:1)
  8 big kobolds
  10 bullfrogs
  A deep troll simulacrum (Vaults:3)
  7 earth elementals
  A wyvern zombie (D:13)
  4 scorpions
  A wyvern skeleton (D:10)
  Dowan (D:4)
  13 killer bees
  14 wights
  8 electric eels
  3 howler monkeys (D:12)
  11 crimson imps
  A human simulacrum (Vaults:2)
  A bullfrog zombie (D:11)
  5 hounds
  15 jellies
  A gnoll shaman (D:3)
  A jelly (shapeshifter) (D:14)
  25 orc priests
  4 bullfrog skeletons
  5 centaur skeletons
  33 orc wizards
  Jessica (D:2)
  Natasha (twice) (D:4)
  7 iguanas
  5 hell rats (Lair:5)
  8 worker ants
  A hound skeleton (D:7)
  A killer bee simulacrum (D:6)
  A worker ant zombie (D:11)
  19 gnolls
  A gnoll (shapeshifter) (Depths:3)
  11 adders
  5 shadow imps
  3 white imps
  A worker ant simulacrum (D:6)
  2 adder zombies
  An adder skeleton (D:6)
  3 worms
  2 dart slugs (D:1)
  An adder simulacrum (D:6)
  6 leopard geckos
  120 orcs
  A ball python (D:4)
  4 giant cockroaches
  11 hobgoblins
  12 jackals
  65 kobolds
  6 quokkas
  13 bats
  5 frilled lizards
  12 goblins
  A jackal skeleton (D:5)
  2 leopard gecko skeletons
  A quokka skeleton (D:8)
  10 rats
  5 crawling corpses
  3 fire vortices (Elf:1)
  9 plants (Shoals:4)
  A withered plant (Shoals:4)
2728 creatures vanquished.

Vanquished Creatures (collateral kills)
  Nikola (Vaults:3)
  A tentacled monstrosity (Zot:2)
  An Orb Guardian (Zot:5)
  A quicksilver dragon (Zot:4)
  3 acid blobs (Slime:5)
  2 storm dragons
  A frost giant (Vaults:5)
  A black draconian (Zot:3)
  A purple draconian (Zot:2)
  A green draconian (Zot:5)
  2 white draconians
  2 yellow draconians
  A deep elf death mage (Vaults:5)
  A death ooze (Slime:5)
  An ice dragon (Vaults:3)
  A moth of wrath (Zot:5)
  A vault sentinel (Vaults:3)
  A slime creature (Slime:5)
  A golden eye (Slime:5)
  An eye of draining (Slime:4)
  A crawling corpse (Vaults:5)
  A fungus (Lair:6)
27 creatures vanquished.

Vanquished Creatures (others)
  A tengu reaver (Depths:3)
  A stone giant (Vaults:5)
  3 centaur warriors
  A deep elf knight (Elf:2)
  A deep elf archer (Elf:1)
  2 centaur skeletons (D:14)
  5 yaktaurs
  A water elemental (Elf:3)
  2 ogres
  A centaur (D:11)
  289 fire vortices
  5 fungi
  22 plants
334 creatures vanquished.

Grand Total: 3089 creatures vanquished

Notes
Turn   | Place    | Note
-------+----------+-------------------------------------------
     0 | D:1      | Mgcat the Gargoyle Fire Elementalist began the quest for
                  | the Orb.
     0 | D:1      | Reached XP level 1. HP: 10/10 MP: 3/3
   171 | D:1      | Reached XP level 2. HP: 15/15 MP: 3/5
   197 | D:1      | Learned a level 2 spell: Throw Flame
   614 | D:1      | Reached XP level 3. HP: 19/19 MP: 1/6
   621 | D:1      | Reached skill level 2 in Conjurations
  1536 | D:2      | Reached XP level 4. HP: 24/24 MP: 5/8
  1541 | D:2      | Learned a level 3 spell: Conjure Flame
  1546 | D:2      | Noticed Jessica
  1548 | D:2      | Killed Jessica
  1710 | D:2      | Reached skill level 3 in Spellcasting
  1760 | D:2      | Reached skill level 4 in Fire Magic
  1885 | D:2      | Found a shimmering altar of Xom.
  1979 | D:2      | Found a stormy altar of Qazlal.
  1993 | D:2      | Found a burning altar of Makhleb.
  2068 | D:2      | Reached XP level 5. HP: 18/28 MP: 5/9
  2074 | D:2      | Learned a level 4 spell: Sticky Flame
  2142 | D:2      | Noticed a hungry ghost
  2168 | D:2      | Killed a hungry ghost
  2168 | D:2      | Reached skill level 3 in Conjurations
  2168 | D:2      | Reached XP level 6. HP: 28/32 MP: 0/11
  2379 | D:2      | Found an iron altar of Okawaru.
  2912 | D:3      | Reached skill level 4 in Conjurations
  3410 | D:3      | Reached skill level 4 in Spellcasting
  3827 | D:3      | Reached skill level 5 in Fire Magic
  4569 | D:4      | Reached XP level 7. HP: 36/36 MP: 10/13
  4980 | D:4      | Reached skill level 5 in Conjurations
  5245 | D:4      | Found a hazy altar of Hepliaklqana.
  5601 | D:4      | Noticed Dowan
  5612 | D:4      | Killed Dowan
  5612 | D:4      | Reached skill level 5 in Spellcasting
  5612 | D:4      | Reached XP level 8. HP: 41/41 MP: 7/15
  5646 | D:4      | Noticed Duvessa
  5657 | D:4      | Killed Duvessa
  5657 | D:4      | Reached skill level 6 in Fire Magic
  5794 | D:4      | Reached skill level 6 in Conjurations
  5937 | D:4      | Noticed Natasha
  5941 | D:4      | Killed Natasha
  6109 | D:4      | Noticed Natasha
  6114 | D:4      | Killed Natasha
  6547 | D:5      | Entered Level 5 of the Dungeon
  6887 | D:5      | Learned a level 5 spell: Fireball
  6931 | D:5      | Reached skill level 1 in Fighting
  7047 | D:5      | Reached skill level 6 in Spellcasting
  7165 | D:5      | Reached skill level 2 in Dodging
  7165 | D:5      | Reached skill level 7 in Fire Magic
  7165 | D:5      | Reached XP level 9. HP: 47/47 MP: 10/18
  7288 | D:5      | Reached skill level 7 in Conjurations
  7373 | D:5      | Reached skill level 2 in Fighting
  7676 | D:5      | Found a staircase to the Ecumenical Temple.
  7716 | Temple   | Entered the Ecumenical Temple
  8055 | D:6      | Found a runed gate.
  8056 | D:6      | Found a runed gate.
  8057 | D:6      | Found a runed gate.
  8217 | D:6      | Noticed Karim's ghost (amateur GnAK)
  9041 | D:6      | Killed Karim's ghost
  9041 | D:6      | Reached skill level 3 in Fighting
  9259 | D:6      | Got the ring of Tiggifieg {Fire}
  9261 | D:6      | Identified the ring of Tiggifieg {Fire -Tele Int+5} (You
                  | found it on level 6 of the Dungeon)
  9421 | D:6      | Reached skill level 3 in Dodging
 10438 | D:7      | Reached skill level 4 in Fighting
 10552 | D:7      | Reached XP level 10. HP: 56/56 MP: 10/20
 10613 | D:7      | Reached skill level 8 in Conjurations
 10613 | D:7      | Reached skill level 8 in Fire Magic
 10619 | D:7      | Found a snail-covered altar of Cheibriados.
 10812 | D:7      | Reached skill level 7 in Spellcasting
 11031 | D:7      | Noticed Harold
 11065 | D:7      | Killed Harold
 11065 | D:7      | Reached skill level 4 in Dodging
 11281 | D:7      | Learned a level 2 spell: Swiftness
 11312 | D:8      | Reached skill level 5 in Fighting
 11484 | D:8      | Learned a level 1 spell: Shock
 11795 | D:8      | Found Cucam's Gadget Shoppe.
 12254 | D:8      | Found a radiant altar of Vehumet.
 12270 | D:8      | Became a worshipper of Vehumet
 12350 | D:8      | Found a runed gate.
 12350 | D:8      | Found a runed gate.
 12350 | D:8      | Found a runed gate.
 12350 | D:8      | Noticed Thaneod's ghost (novice VSFi)
 12644 | D:8      | Killed Thaneod's ghost
 13036 | D:9      | Noticed an elephant
 13161 | D:9      | Noticed a two-headed ogre
 13377 | D:8      | Reached skill level 9 in Conjurations
 13689 | D:8      | Killed an elephant
 13689 | D:8      | Reached skill level 6 in Fighting
 13689 | D:8      | Reached skill level 9 in Fire Magic
 13689 | D:8      | Reached XP level 11. HP: 41/64 MP: 4/22
 13789 | D:8      | Reached skill level 5 in Dodging
 14135 | D:9      | Found a staircase to the Lair.
 14195 | D:9      | Found a shadowy altar of Dithmenos.
 14320 | D:9      | Killed a two-headed ogre
 14764 | D:10     | Entered Level 10 of the Dungeon
 14777 | D:10     | Noticed Nergalle
 14910 | D:10     | Noticed a spectral orc warlord
 14910 | D:10     | Killed Nergalle
 14910 | D:10     | Reached skill level 7 in Fighting
 14910 | D:10     | Reached skill level 1 in Charms
 15144 | D:10     | Reached skill level 1 in Polearms
 15386 | D:10     | Noticed Erolcha
 15391 | D:10     | Killed Erolcha
 15505 | D:10     | Found a transporter.
 15506 | D:10     | Noticed a two-headed ogre
 15506 | D:10     | Noticed Arum's ghost (journeyman FoFi)
 15508 | D:10     | Noticed a two-headed ogre
 15511 | D:10     | Found a transporter.
 15744 | D:10     | Killed an unseen horror
 15744 | D:10     | Reached skill level 10 in Conjurations
 15744 | D:10     | Reached skill level 2 in Charms
 15752 | D:10     | Reached * piety under Vehumet
 15752 | D:10     | Offered knowledge of Magic Dart by Vehumet.
 15755 | D:10     | Learned a level 1 spell: Magic Dart
 15987 | D:11     | Reached skill level 2 in Polearms
 15996 | D:11     | Reached skill level 8 in Spellcasting
 16094 | D:11     | Noticed a red ugly thing
 16105 | D:11     | Killed a red ugly thing
 16120 | D:11     | Noticed a cyclops
 16125 | D:11     | Killed a cyclops
 16125 | D:11     | Reached skill level 1 in Armour
 16222 | D:11     | Noticed a red ugly thing
 16266 | D:11     | Noticed a purple ugly thing
 16275 | D:11     | Killed a purple ugly thing
 16275 | D:11     | Reached skill level 10 in Fire Magic
 16282 | D:11     | Reached XP level 12. HP: 67/73 MP: 4/24
 16303 | D:11     | Reached skill level 2 in Armour
 16401 | D:11     | Reached skill level 8 in Fighting
 16542 | D:11     | Noticed Snorg
 16547 | D:11     | Reached skill level 3 in Charms
 16553 | D:11     | Killed Snorg
 16758 | D:11     | Reached skill level 3 in Armour
 17020 | D:11     | Reached ** piety under Vehumet
 17020 | D:11     | Offered knowledge of Searing Ray by Vehumet.
 18092 | Lair:1   | Entered Level 1 of the Lair of Beasts
 18295 | Lair:1   | Noticed an eight-headed hydra
 18313 | Lair:1   | Killed an eight-headed hydra
 18328 | Lair:1   | Reached skill level 4 in Armour
 18543 | Lair:1   | Offered knowledge of Mephitic Cloud by Vehumet.
 18543 | Lair:1   | Reached skill level 3 in Polearms
 18543 | Lair:1   | Reached skill level 11 in Conjurations
 18551 | Lair:1   | Reached skill level 9 in Fighting
 18798 | Lair:1   | Reached skill level 9 in Spellcasting
 19250 | Lair:2   | Reached *** piety under Vehumet
 19283 | Lair:2   | Noticed Gastronok
 19293 | Lair:2   | Killed Gastronok
 19293 | Lair:2   | Reached skill level 5 in Armour
 19293 | Lair:2   | Reached XP level 13. HP: 80/80 MP: 23/26
 19352 | Lair:2   | Noticed an ice dragon
 19356 | Lair:2   | Killed an ice dragon
 19719 | Lair:2   | Offered knowledge of Iskenderun's Mystic Blast by Vehumet.
 19723 | Lair:2   | Reached skill level 11 in Fire Magic
 19867 | Lair:2   | Got a ripped robe
 19868 | Lair:2   | Identified the +1 robe "Cefuludu" {MP+9} (You found it on
                  | level 2 of the Lair of Beasts)
 20429 | Lair:3   | Found a staircase to the Shoals.
 20610 | Lair:3   | Found a hole to the Spider Nest.
 21062 | Lair:3   | Reached **** piety under Vehumet
 21062 | Lair:3   | Reached skill level 6 in Armour
 21336 | Lair:4   | Reached skill level 1 in Shields
 21356 | Lair:4   | Reached skill level 10 in Fighting
 21368 | Lair:4   | Offered knowledge of Iskenderun's Battlesphere by Vehumet.
 21375 | Lair:4   | Learned a level 5 spell: Iskenderun's Battlesphere
 21740 | Lair:4   | Reached skill level 4 in Charms
 21894 | Lair:4   | Reached skill level 2 in Shields
 22874 | Lair:5   | Reached skill level 12 in Conjurations
 22930 | Lair:5   | Got a pitted shortbow
 22931 | Lair:5   | Identified a scroll of acquirement
 22932 | Lair:5   | Got a pair of ancient boots
 22945 | Lair:5   | Identified the +4 pair of boots of the Worm {Regen+ MP-9
                  | Int+4} (You acquired it on level 5 of the Lair of Beasts)
 23020 | Lair:5   | Upgraded the game from 0.23-a0-207-g93a313e to
                  | 0.23-a0-208-gb6b040f
 23061 | Lair:5   | Reached skill level 3 in Shields
 23385 | Lair:6   | Entered Level 6 of the Lair of Beasts
 23393 | Lair:6   | Reached skill level 7 in Armour
 23395 | Lair:6   | Gained mutation: Your large and strong wings let you fly
                  | indefinitely. [Gargoyle growth]
 23395 | Lair:6   | Reached XP level 14. HP: 82/88 MP: 19/27
 23398 | Lair:6   | Upgraded the game from 0.23-a0-208-gb6b040f to
                  | 0.23-a0-241-g3b46b07
 23503 | Lair:6   | Upgraded the game from 0.23-a0-241-g3b46b07 to
                  | 0.23-a0-261-g133332c
 23621 | Lair:6   | Found a staircase to the Slime Pits.
 23731 | Lair:6   | Reached skill level 10 in Spellcasting
 24570 | Lair:6   | Noticed a dire elephant
 24581 | Lair:6   | Killed a dire elephant
 24581 | Lair:6   | Reached skill level 4 in Shields
 24581 | Lair:6   | Reached skill level 5 in Charms
 24797 | Lair:6   | Identified the +9 shortbow of Awunn {flame, Str+7} (You
                  | found it on level 5 of the Lair of Beasts)
 25140 | Lair:6   | Reached ***** piety under Vehumet
 25221 | Lair:6   | Offered knowledge of Ozocubu's Refrigeration by Vehumet.
 25296 | Lair:6   | Found a burning altar of Makhleb.
 25403 | Lair:6   | Found a gateway to Hell.
 26015 | D:12     | Found Urut's Weapon Emporium.
 26017 | D:12     | Found a staircase to the Orcish Mines.
 26054 | D:12     | Reached skill level 12 in Fire Magic
 26163 | D:12     | Found an opulent altar of Gozag.
 26174 | D:12     | Reached skill level 8 in Armour
 26418 | D:12     | Reached skill level 5 in Shields
 27168 | Orc:1    | Entered Level 1 of the Orcish Mines
 27168 | Orc:1    | Found a roughly hewn altar of Beogh.
 27551 | Orc:2    | Entered Level 2 of the Orcish Mines
 27810 | Orc:2    | Noticed a stone giant
 27810 | Orc:2    | Noticed Urug
 27935 | Orc:2    | Killed a stone giant
 28035 | Orc:2    | Killed Urug
 28450 | Orc:2    | Offered knowledge of Lee's Rapid Deconstruction by Vehumet.
 28457 | Orc:2    | Learned a level 5 spell: Lee's Rapid Deconstruction
 28469 | Orc:2    | Found a roughly hewn altar of Beogh.
 28474 | Orc:2    | Found Quiveli's Distillery.
 28479 | Orc:2    | Bought a potion of haste for 130 gold pieces
 28479 | Orc:2    | Bought a potion of invisibility for 104 gold pieces
 28479 | Orc:2    | Bought a potion of might for 52 gold pieces
 28479 | Orc:2    | Bought a potion of heal wounds for 65 gold pieces
 28479 | Orc:2    | Bought a potion of agility for 52 gold pieces
 28479 | Orc:2    | Bought a potion of heal wounds for 65 gold pieces
 28524 | Orc:2    | Found a roughly hewn altar of Beogh.
 28599 | Orc:2    | Reached skill level 6 in Shields
 28612 | Orc:2    | Found a roughly hewn altar of Beogh.
 28617 | Orc:2    | Found a staircase to the Elven Halls.
 28620 | Orc:2    | Noticed Maurice
 28631 | Orc:2    | Killed Maurice
 28872 | Orc:2    | Noticed an orc warlord
 28882 | Orc:2    | Killed an orc warlord
 28882 | Orc:2    | Reached skill level 1 in Earth Magic
 28882 | Orc:2    | Gained mutation: You do not regenerate when monsters are
                  | visible. [a neqoxec]
 28883 | Orc:2    | Gained mutation: Your magical capacity is low. (-10% MP) [a
                  | neqoxec]
 28884 | Orc:2    | Reached skill level 13 in Conjurations
 29040 | Orc:2    | Found a roughly hewn altar of Beogh.
 29179 | Orc:2    | Found a roughly hewn altar of Beogh.
 29188 | Orc:2    | Found Ahoa's Magic Scroll Boutique.
 29194 | Orc:2    | Bought a scroll of blinking for 112 gold pieces
 29194 | Orc:2    | Bought a scroll of acquirement for 780 gold pieces
 29195 | Orc:2    | Got a warped graven amulet
 29196 | Orc:2    | Identified the amulet "Kavaemp" {+Inv MR+ Regen+ SInv} (You
                  | acquired it on level 2 of the Orcish Mines)
 29464 | Orc:2    | Found a roughly hewn altar of Beogh.
 29764 | Orc:2    | Reached skill level 2 in Earth Magic
 29765 | Orc:2    | Reached XP level 15. HP: 92/92 MP: 16/26
 29865 | Orc:2    | Found Ughij's Antique Weapon Boutique.
 29866 | Orc:2    | Found a roughly hewn altar of Beogh.
 29938 | Orc:2    | Found Ocoul's Antique Armour Shop.
 30086 | Orc:2    | Offered knowledge of Orb of Destruction by Vehumet.
 30108 | Orc:2    | Bought a spiked buckler for 266 gold pieces
 30114 | Orc:2    | Identified the +0 buckler of the Oligarchy {Dex+5} (You
                  | bought it in a shop on level 2 of the Orcish Mines)
 30306 | D:12     | Reached skill level 11 in Spellcasting
 30701 | D:12     | Reached skill level 3 in Earth Magic
 31232 | D:13     | Reached skill level 7 in Shields
 31325 | D:13     | Got a pair of shimmering gloves
 31330 | D:13     | Identified the cursed +0 pair of gloves "Hiupe" {-Tele
                  | rElec rN+++ Int-2} (You found it on level 13 of the
                  | Dungeon)
 31404 | D:13     | Reached skill level 4 in Earth Magic
 31606 | D:13     | Noticed Azrael
 32205 | D:12     | Killed Azrael
 32516 | D:13     | Noticed digijack's ghost (journeyman MiBe)
 32518 | D:13     | Noticed a tengu reaver
 32525 | D:13     | Found a runed gate.
 32525 | D:13     | Found a runed gate.
 32527 | D:13     | Found a runed gate.
 32599 | D:13     | Offered knowledge of Yara's Violent Unravelling by Vehumet.
 32846 | D:14     | Found a gate to the Vaults.
 32846 | D:14     | Noticed Rupert
 32846 | D:14     | Noticed Nessos
 33220 | D:14     | Reached skill level 5 in Earth Magic
 33407 | D:14     | Killed Rupert
 33407 | D:14     | Reached skill level 13 in Fire Magic
 33636 | D:14     | Reached skill level 8 in Shields
 33988 | D:14     | Killed Nessos
 34270 | D:14     | Got a bloodstained halberd
 34271 | D:14     | Identified the +8 halberd of Disaster {holy, Str+4} (You
                  | found it on level 14 of the Dungeon)
 34502 | D:14     | Found Carghuc's Jewellery Shop.
 34509 | D:14     | Bought a cursed -2 ring of protection for 24 gold pieces
 34509 | D:14     | Bought an uncursed ring of poison resistance for 240 gold
                  | pieces
 34509 | D:14     | Bought an uncursed ring of wizardry for 360 gold pieces
 34812 | D:15     | Entered Level 15 of the Dungeon
 34815 | D:15     | Reached skill level 6 in Earth Magic
 35296 | D:15     | Noticed Louise
 35301 | D:15     | Killed Louise
 35301 | D:15     | Reached XP level 16. HP: 76/98 MP: 0/28
 35423 | D:15     | Reached skill level 14 in Conjurations
 35735 | D:15     | Offered knowledge of Conjure Ball Lightning by Vehumet.
 35787 | D:15     | Found a staircase to the Depths.
 36179 | D:15     | Reached skill level 7 in Earth Magic
 36486 | D:15     | Got an uncursed encrusted scimitar {antimagic}
 36625 | D:15     | Reached skill level 12 in Spellcasting
 36870 | D:15     | Identified the +5 scimitar of Werouwkanyu {antimagic,
                  | *Drain Int+4 SInv Stlth+} (You took it off a yaktaur on
                  | level 15 of the Dungeon)
 36873 | D:15     | Noticed Roxanne
 37204 | D:15     | Reached skill level 11 in Fighting
 37438 | D:15     | Got a scorched falchion {drain}
 37439 | D:15     | Identified the cursed +2 falchion of the Ass {drain,
                  | Stlth+} (You took it off an ogre mage on level 15 of the
                  | Dungeon)
 37992 | D:15     | Got an ancient brass amulet
 38001 | D:15     | Identified the amulet of Ridig {Harm *Drain +Blink} (You
                  | found it on level 15 of the Dungeon)
 38168 | Orc:2    | Bought a scroll of identify for 30 gold pieces
 38168 | Orc:2    | Bought a scroll of identify for 30 gold pieces
 38289 | D:15     | Killed Roxanne
 38401 | D:15     | Learned a level 6 spell: Iron Shot
 38585 | Shoals:1 | Entered Level 1 of the Shoals
 38586 | Shoals:1 | Reached skill level 8 in Earth Magic
 40387 | Shoals:1 | Offered knowledge of Poison Arrow by Vehumet.
 40677 | Shoals:2 | Reached skill level 14 in Fire Magic
 40805 | Shoals:2 | Reached XP level 17. HP: 105/105 MP: 15/30
 40916 | Shoals:2 | Reached skill level 9 in Earth Magic
 42013 | Shoals:3 | Reached skill level 15 in Conjurations
 42209 | Shoals:3 | Reached skill level 12 in Fighting
 42279 | Shoals:3 | Found a flickering gateway to a bazaar.
 42296 | Bazaar   | Entered a bazaar
 42296 | Bazaar   | Found Zehyff's Weapon Shoppe.
 42296 | Bazaar   | Found Fuulou's Magic Scroll Emporium.
 42296 | Bazaar   | Found Ryenaorog's Jewellery Emporium.
 42296 | Bazaar   | Found Estroulu's Distillery.
 42382 | Bazaar   | Bought 2 scrolls of blinking for 210 gold pieces
 42382 | Bazaar   | Bought a scroll of blinking for 105 gold pieces
 42382 | Bazaar   | Bought a scroll of enchant weapon for 105 gold pieces
 42382 | Bazaar   | Bought a scroll of identify for 28 gold pieces
 42382 | Bazaar   | Bought a scroll of identify for 28 gold pieces
 42384 | Bazaar   | Bought 2 potions of agility for 112 gold pieces
 42384 | Bazaar   | Bought a potion of might for 56 gold pieces
 42384 | Bazaar   | Bought a potion of heal wounds for 70 gold pieces
 42384 | Bazaar   | Bought 2 potions of cancellation for 224 gold pieces
 42532 | Shoals:3 | Reached XP level 18. HP: 112/112 MP: 31/31
 42585 | Shoals:3 | Reached skill level 15 in Fire Magic
 42786 | Shoals:3 | Offered knowledge of Bolt of Cold by Vehumet.
 43437 | Spider:1 | Entered Level 1 of the Spider Nest
 43716 | Spider:1 | Reached skill level 10 in Earth Magic
 44894 | Spider:1 | Reached skill level 13 in Spellcasting
 46807 | Spider:3 | Reached ****** piety under Vehumet
 47016 | Spider:3 | Offered knowledge of Fire Storm by Vehumet.
 47016 | Spider:3 | Offered knowledge of Glaciate by Vehumet.
 47016 | Spider:3 | Offered knowledge of Tornado by Vehumet.
 47270 | Spider:3 | Reached XP level 19. HP: 113/118 MP: 22/32
 47629 | Spider:4 | Entered Level 4 of the Spider Nest
 47802 | Spider:4 | Reached skill level 16 in Conjurations
 48104 | Spider:4 | Noticed Arachne
 48111 | Spider:4 | Killed Arachne
 48111 | Spider:4 | Reached skill level 16 in Fire Magic
 49707 | Spider:4 | Found the ring of Phasing {EV+8}
 50116 | Spider:4 | Reached skill level 17 in Conjurations
 50790 | Spider:4 | Upgraded the game from 0.23-a0-261-g133332c to
                  | 0.23-a0-269-g65e0026
 51674 | Shoals:4 | Entered Level 4 of the Shoals
 51812 | Shoals:4 | Reached skill level 13 in Fighting
 52086 | Shoals:4 | Noticed Ilsuiw
 52875 | Shoals:4 | Noticed Polyphemus
 52878 | Shoals:4 | Killed Polyphemus
 53008 | Shoals:4 | Killed Ilsuiw
 53313 | Shoals:4 | Reached XP level 20. HP: 124/124 MP: 28/33
 53321 | Shoals:4 | Reached skill level 9 in Shields
 53394 | Shoals:4 | Reached skill level 9 in Armour
 53653 | Shoals:4 | Got a barnacled rune of Zot
 53894 | Shoals:4 | Reached skill level 17 in Fire Magic
 54523 | Vaults:1 | Entered Level 1 of the Vaults
 54982 | Vaults:1 | Found a shimmering altar of Xom.
 56017 | Vaults:1 | Got an ancient scale mail
 56018 | Vaults:1 | Identified the +5 scale mail "Saricon" {+Inv MR+ Dex+2}
                  | (You found it on level 1 of the Vaults)
 56267 | Vaults:1 | Reached skill level 10 in Armour
 56339 | Vaults:1 | Found Suqoid's Weapon Emporium.
 56368 | Vaults:1 | Reached skill level 10 in Shields
 56928 | Vaults:2 | Reached skill level 14 in Fighting
 58076 | Vaults:2 | Reached skill level 18 in Conjurations
 58128 | Vaults:2 | Reached XP level 21. HP: 132/132 MP: 6/34
 58630 | Vaults:2 | Found Plog's Antique Weapon Emporium.
 58828 | Vaults:2 | You are sucked into a shaft for 2 floors!
 58982 | Vaults:3 | Reached skill level 14 in Spellcasting
 59036 | Vaults:4 | Reached skill level 11 in Shields
 60127 | Vaults:3 | Found a staircase to the Crypt.
 60127 | Vaults:3 | Found a basalt altar of Yredelemnul.
 60128 | Vaults:3 | Found an ancient bone altar of Kikubaaqudgha.
 60456 | Vaults:3 | Noticed Mennas
 60458 | Vaults:3 | Noticed Nikola
 60476 | Vaults:3 | Killed Nikola
 60511 | Vaults:3 | Killed Mennas
 60554 | Vaults:3 | Got a pair of brightly glowing gloves
 60629 | Vaults:3 | Found Guumyec's Magic Scroll Emporium.
 60967 | Vaults:3 | Identified the +2 pair of gloves of the Turtle {rElec
                  | rPois} (You took it off Nikola on level 3 of the Vaults)
 61013 | Vaults:3 | Reached skill level 15 in Fighting
 61279 | Vaults:3 | Reached skill level 18 in Fire Magic
 61607 | Vaults:4 | Reached skill level 12 in Shields
 61754 | Vaults:4 | Reached XP level 22. HP: 109/140 MP: 13/36
 62051 | Vaults:3 | Reached skill level 4 in Polearms
 62338 | Vaults:4 | Found Woluel's Armour Boutique.
 63018 | Vaults:4 | Reached skill level 19 in Conjurations
 64332 | Vaults:4 | Got a scorched arbalest
 64333 | Vaults:4 | Identified the cursed +1 arbalest of Doom {penet, rElec
                  | rPois rN+++ Dex-4} (You found it on level 4 of the Vaults)
 64779 | Vaults:4 | Got an ancient steel ring
 64780 | Vaults:4 | Identified the ring of Syguggoh {Fire rPois MR+ Int+5
                  | Dex-2} (You found it on level 4 of the Vaults)
 65182 | Depths:1 | Entered Level 1 of the Depths
 65185 | Depths:1 | Reached skill level 5 in Polearms
 65423 | D:15     | Reached skill level 15 in Spellcasting
 65601 | D:15     | Reached skill level 13 in Shields
 66607 | Vaults:4 | Bought the -2 hat of the Alchemist {rElec rPois rF+ rC+ rN+
                  | MR+ rMut rCorr} for 1038 gold pieces
 66607 | Vaults:4 | Found the -2 hat of the Alchemist {rElec rPois rF+ rC+ rN+
                  | MR+ rMut rCorr}
 67357 | Depths:1 | Found a one-way gate leading to the halls of Pandemonium.
 67835 | Depths:2 | Reached skill level 19 in Fire Magic
 68301 | Depths:2 | Reached XP level 23. HP: 144/144 MP: 27/37
 68542 | Depths:2 | Reached skill level 14 in Shields
 68893 | Depths:2 | Reached skill level 20 in Conjurations
 68997 | Depths:2 | Got a bloodstained morningstar {crush}
 69001 | Depths:2 | Identified the +11 morningstar of Ugutyr {crush, +Rage rN+
                  | Str+3 Dex+4} (You took it off a fire giant on level 2 of
                  | the Depths)
 70059 | Depths:2 | Noticed an ancient lich
 70067 | Depths:2 | Killed an ancient lich
 70085 | Depths:2 | Reached skill level 15 in Shields
 70122 | Depths:2 | HP: 20/144 [spriggan air mage/the air (28)]
 70133 | Depths:1 | HP: 30/144 [spriggan air mage/staff of fire (7)]
 70345 | Depths:2 | Noticed an ancient lich
 70357 | Depths:2 | Killed an ancient lich
 70360 | Depths:2 | Got a transparent whip {venom}
 70362 | Depths:2 | Identified the +8 whip "Parghep" {venom, rF+++} (You took
                  | it off an ogre mage on level 2 of the Depths)
 70532 | Depths:2 | Got a scorched lajatang {freeze}
 70550 | Depths:2 | Upgraded the game from 0.23-a0-269-g65e0026 to
                  | 0.23-a0-275-g0cf4261
 70573 | Depths:2 | Got an iridescent great mace {freeze}
 70574 | Depths:2 | Identified the +11 great mace of Punishment {freeze, Int+3}
                  | (You took it off a frost giant on level 2 of the Depths)
 71382 | Depths:3 | Reached skill level 20 in Fire Magic
 71912 | Depths:3 | Reached skill level 21 in Conjurations
 72162 | Depths:3 | Reached XP level 24. HP: 132/150 MP: 20/37
 72279 | Depths:3 | Got a warped whip
 72280 | Depths:3 | Identified the +7 whip "Boij" {holy, *Rage +Fly SInv} (You
                  | found it on level 3 of the Depths)
 72440 | Depths:3 | Learned a level 8 spell: Lehudib's Crystal Spear
 72932 | Depths:3 | Paralysed by a floating eye for 2 turns
 73151 | Depths:3 | Got a brightly glowing arbalest
 73578 | Depths:3 | Learned a level 9 spell: Fire Storm
 74272 | Depths:4 | Found a one-way gate to the infinite horrors of the Abyss.
 74825 | Depths:4 | Found a gateway to a ziggurat.
 75066 | Depths:4 | Noticed a juggernaut
 75071 | Depths:4 | Killed a juggernaut
 75369 | Depths:4 | Got a crude spear
 75433 | Depths:5 | Entered Level 5 of the Depths
 75534 | Depths:5 | Reached skill level 1 in Evocations
 75541 | Depths:5 | Reached skill level 21 in Fire Magic
 75547 | Depths:5 | Noticed a juggernaut
 75591 | Depths:4 | Killed a juggernaut
 75591 | Depths:4 | Reached skill level 22 in Conjurations
 75591 | Depths:4 | Reached skill level 2 in Evocations
 75636 | Depths:5 | Noticed a caustic shrike
 75638 | Depths:5 | Noticed a caustic shrike
 75640 | Depths:5 | Noticed a caustic shrike
 75640 | Depths:5 | Noticed a caustic shrike
 75646 | Depths:4 | Killed a caustic shrike
 75708 | Depths:4 | Killed a caustic shrike
 75708 | Depths:4 | Reached skill level 3 in Evocations
 75772 | Depths:4 | Killed a caustic shrike
 76073 | Depths:4 | Killed a caustic shrike
 76182 | Depths:5 | Reached skill level 4 in Evocations
 76847 | Depths:5 | Reached skill level 11 in Earth Magic
 77005 | Depths:5 | Found a gate to the Realm of Zot.
 77012 | Depths:5 | Reached XP level 25. HP: 155/155 MP: 29/37
 77946 | Vaults:3 | Bought a scroll of acquirement for 1144 gold pieces
 78113 | Elf:1    | Entered Level 1 of the Elven Halls
 78193 | Elf:1    | Reached skill level 5 in Evocations
 78853 | Elf:1    | Found Rajiecwel's Book Boutique.
 78972 | Elf:1    | Got a pair of transparent boots
 78973 | Elf:1    | Identified the +2 pair of boots of the Hart {rC+ Dex+4}
                  | (You acquired it on level 1 of the Elven Halls)
 79025 | Elf:1    | Identified the Catalogue of Stolen Souls
 79985 | Elf:1    | Identified the Almanac of the Blaze
 79992 | Elf:1    | Identified the Compendium of the Mountains
 80375 | Elf:2    | Found Guashrih's General Store.
 80401 | Elf:2    | Found Hell's Assorted Antiques.
 80415 | Elf:2    | Bought a potion of mutation for 248 gold pieces
 80415 | Elf:2    | Bought a shiny onyx ring for 155 gold pieces
 80426 | Elf:2    | Found a runed gate.
 80426 | Elf:2    | Found a runed gate.
 80433 | Elf:2    | Found a runed gate.
 80714 | Elf:2    | Found Ysuota's Book Emporium.
 80884 | Elf:2    | Found Giemec's General Store.
 81132 | Elf:2    | Reached skill level 6 in Evocations
 81161 | Elf:2    | Found a gateway to a bazaar.
 81527 | Elf:2    | Reached skill level 12 in Earth Magic
 82073 | Elf:3    | Entered Level 3 of the Elven Halls
 82127 | Elf:3    | Learned a level 7 spell: Ring of Flames
 83122 | Elf:3    | Got an ichor-stained short sword {drain}
 83199 | Elf:3    | Reached skill level 7 in Evocations
 83336 | Elf:3    | Got a warped scale mail
 83732 | Elf:3    | Got a jewelled halberd {chop}
 83736 | Elf:3    | Got a coiled copper ring
 83822 | Elf:3    | Reached skill level 23 in Conjurations
 83959 | Elf:3    | Got a warped bronze ring
 84054 | Elf:3    | Identified the ring "Dixuwauch" {rN+ Dex+4 Stlth+} (You
                  | took it off a deep elf annihilator on level 3 of the Elven
                  | Halls)
 84055 | Elf:3    | Identified the ring of Beogh's Supremacy {-Tele rPois Str+3
                  | Int+4 Dex+4} (You took it off a deep elf blademaster on
                  | level 3 of the Elven Halls)
 84076 | Elf:3    | Identified Cutuag's Tome of Shifting Air
 84083 | Elf:3    | Got a transparent spear
 84087 | Elf:3    | Identified the Catalogue of Feathery Moulding
 84476 | Vaults:5 | Entered Level 5 of the Vaults
 84477 | Vaults:5 | Reached XP level 26. HP: 160/160 MP: 35/38
 84478 | Vaults:5 | Reached skill level 22 in Fire Magic
 84479 | Vaults:5 | Reached skill level 16 in Spellcasting
 84480 | Vaults:5 | Reached skill level 8 in Evocations
 85047 | Vaults:4 | HP: 37/160 [shot self (26)]
 85642 | Vaults:5 | Reached skill level 6 in Dodging
 85912 | Vaults:5 | Reached XP level 27. HP: 166/166 MP: 21/39
 86018 | Vaults:5 | Found the +1 cloak of Starlight {rElec rC+ EV+4 Stlth--}
 86027 | Vaults:5 | Got a slimy ivory ring
 86028 | Vaults:5 | Identified the cursed ring "Ginuic" {MP+9 EV-3} (You found
                  | it on level 5 of the Vaults)
 86181 | Vaults:5 | Got a silver rune of Zot
 86248 | Vaults:5 | Got a twitching granite ring
 86249 | Vaults:5 | Identified the ring "Igan" {MR+ Int+3} (You found it on
                  | level 5 of the Vaults)
 86568 | Vaults:5 | Reached skill level 11 in Armour
 86911 | Vaults:5 | Reached skill level 13 in Earth Magic
 87673 | Slime:1  | Entered Level 1 of the Pits of Slime
 88091 | Slime:2  | Reached skill level 17 in Spellcasting
 88605 | Slime:4  | Reached skill level 7 in Dodging
 88731 | Slime:4  | Reached skill level 16 in Fighting
 89198 | Slime:5  | Entered Level 5 of the Pits of Slime
 89546 | Slime:5  | Reached skill level 12 in Armour
 89625 | Slime:5  | Noticed the Royal Jelly
 89693 | Slime:5  | Reached skill level 24 in Conjurations
 89836 | Slime:5  | Killed the Royal Jelly
 89836 | Slime:5  | Reached skill level 14 in Earth Magic
 90446 | Slime:5  | Identified Sif Muna's Tome of Supportive Damage Dealing
 90491 | Slime:5  | Got a slimy rune of Zot
 90495 | Slime:5  | Got a crystal spear
 90547 | Slime:5  | Identified the Catalogue of Poison and Moulding
 90883 | Slime:5  | Lost mutation: Your magical capacity is low. (-10% MP)
                  | [potion of mutation]
 90883 | Slime:5  | Lost mutation: You do not regenerate when monsters are
                  | visible. [potion of mutation]
 91335 | Zot:1    | Entered Level 1 of the Realm of Zot
 91998 | Zot:1    | Reached skill level 8 in Dodging
 92153 | Zot:1    | Reached skill level 18 in Spellcasting
 92423 | Zot:1    | Reached skill level 9 in Evocations
 92915 | Zot:1    | Noticed an ancient lich
 92918 | Zot:1    | Killed an ancient lich
 92918 | Zot:1    | Reached skill level 13 in Armour
 92929 | Zot:1    | Reached skill level 15 in Earth Magic
 93086 | Zot:1    | Reached skill level 17 in Fighting
 93331 | Zot:2    | Noticed an orb of fire
 93333 | Zot:2    | Gained mutation: Your body sometimes deteriorates upon
                  | taking damage. [an orb of fire]
 93513 | Zot:1    | Killed an orb of fire
 93513 | Zot:1    | Reached skill level 9 in Dodging
 94064 | Zot:2    | Reached skill level 10 in Evocations
 94167 | Zot:2    | Reached skill level 19 in Spellcasting
 94883 | Zot:2    | Reached skill level 14 in Armour
 95664 | Zot:3    | Reached skill level 10 in Dodging
 95784 | Zot:3    | Noticed an orb of fire
 95855 | Zot:2    | Killed an orb of fire
 95914 | Zot:3    | Reached skill level 11 in Evocations
 96162 | Zot:3    | Reached skill level 18 in Fighting
 97035 | Zot:3    | Identified the Disquisition on Blistering Clay
 97320 | Zot:4    | Reached skill level 15 in Armour
 97998 | Zot:4    | Got an ichor-stained mace
 98356 | Zot:5    | Entered Level 5 of the Realm of Zot
 98458 | Zot:5    | Reached skill level 12 in Evocations
 98640 | Zot:5    | Reached skill level 20 in Spellcasting
 99037 | Zot:5    | Reached skill level 19 in Fighting
 99252 | Zot:5    | Noticed an ancient lich
 99256 | Zot:5    | Killed an ancient lich
 99256 | Zot:5    | Reached skill level 16 in Earth Magic
 99264 | Zot:5    | Noticed Tiamat
 99306 | Zot:5    | Killed Tiamat
 99693 | Zot:5    | Noticed an ancient lich
 99696 | Zot:5    | Killed an ancient lich
 99767 | Zot:5    | Noticed an orb of fire
 99773 | Zot:5    | Gained mutation: You are frail. (-10% HP) [an orb of fire]
 99775 | Zot:5    | Killed an orb of fire
 99783 | Zot:5    | Lost mutation: Your body sometimes deteriorates upon taking
                  | damage. [potion of mutation]
 99783 | Zot:5    | Lost mutation: You are frail. (-10% HP) [potion of
                  | mutation]
 99907 | Zot:5    | Noticed an orb of fire
 99920 | Zot:5    | Killed an orb of fire
 99924 | Zot:5    | Noticed an orb of fire
 99928 | Zot:5    | Killed an orb of fire
 99928 | Zot:5    | Reached skill level 17 in Earth Magic
100155 | Zot:5    | Noticed an orb of fire
100158 | Zot:5    | Killed an orb of fire
100366 | Zot:5    | Reached skill level 20 in Fighting
100534 | Zot:5    | Noticed an orb of fire
100554 | Zot:5    | Killed an orb of fire
100726 | Zot:5    | Noticed an orb of fire
100758 | Zot:5    | Killed an orb of fire
100984 | Zot:5    | Reached skill level 21 in Spellcasting
101063 | Zot:5    | Noticed an orb of fire
101070 | Zot:5    | Killed an orb of fire
101161 | Zot:5    | Reached skill level 18 in Earth Magic
101840 | Zot:5    | Noticed an orb of fire
101841 | Zot:5    | Gained mutation: You are dopey. (Int -2) [an orb of fire]
101843 | Zot:5    | Killed an orb of fire
101853 | Zot:5    | Lost mutation: You are dopey. (Int -2) [potion of mutation]
101853 | Zot:5    | Gained mutation: Scrolls take you a little longer to read.
                  | [potion of mutation]
101853 | Zot:5    | Gained mutation: You have very sharp teeth. [potion of
                  | mutation]
101854 | Zot:5    | Lost mutation: You have very sharp teeth. [potion of
                  | mutation]
101854 | Zot:5    | Lost mutation: Scrolls take you a little longer to read.
                  | [potion of mutation]
101854 | Zot:5    | Gained mutation: Scrolls take you a little longer to read.
                  | [potion of mutation]
102184 | Zot:5    | Lost mutation: Scrolls take you a little longer to read.
                  | [potion of mutation]
103090 | Spider:4 | Got a gossamer rune of Zot
103790 | Zot:5    | Got the Orb of Zot
103894 | Zot:1    | Noticed Cosu the pandemonium lord
104073 | D:13     | Reached skill level 21 in Fighting
104297 | D:$      | Escaped with the Orb!

Vault maps used:
D:1:      dpeg_arrival_brainrot, kennysheep_pointless_box
D:2:      nicolae_overflow_quartered_altars, uniq_jessica
D:3:      first_ration, minmay_goblin_kobold_house
D:4:      old_standard_altar, st_stairs_4, minivault_19,
          lexackson_kobold_supper, uniq_duvessa, uniq_natasha
D:5:      minmay_temple_entry_enclosed_plants, kennysheep_nub,
          grunt_decor_fettered
D:6:      minmay_goblin_kobold_castle, gammafunk_ghost_icy
D:7:      nicolae_overflow_crystal_walls, minivault_26, uniq_harold
D:8:      kennysheep_little_box, ebering_ghost_rock_garden, serial_shops, shop
D:9:      nicolae_dithmenos_the_darkroom, david_lair_generic
D:10:     gammafunk_ghost_smash, uniq_nergalle, uniq_erolcha
D:11:     uniq_snorg
D:12:     orc_david_3, grunt_gozag_statues
D:13:     gammafunk_ghost_split, grunt_tengu_nest, minmay_protected_statue,
          uniq_azrael
D:14:     minmay_the_grid_square_5x5_3x3, david_vaults_3, serial_shops, shop,
          hangedman_decor_growths
D:15:     grunt_enter_depths_snipers, minmay_misc_feat_doors, laboratory,
          uniq_louise, uniq_roxanne
Temple:   nicolae_temple_great_sept
Lair:1:   roderic_batcave, st_stairs_3, serial_bayou_ford_a,
          minmay_lair_oklob_chamber, serial_bayou_shore_a
Lair:2:   dragon1_lemuel, grunt_megastairs_2, uniq_gastronok
Lair:3:   elwin_shoals_entry_rocks, nicolae_spider_entry_tight_spaces,
          patterned_corridor, grunt_megastairs_1
Lair:4:   st_stairs_4
Lair:6:   evil_forest, minmay_slime_entry_jelly_boxes
Shoals:3: serial_shops, bzr_entry_islet
Shoals:4: shoals_end_hangedman, shoal_ilsuiw,
          portal_ice_cave_entry_ice_statue_one, argonaut_gorgonesque,
          uniq_polyphemus
Spider:4: floodkiller_spider_rune_tomb, nicolae_spider_nook, uniq_arachne
Slime:3:  cheibrodos_slime_lost_civilization_7
Orc:1:    basic_altar
Orc:2:    grunt_orc_community_town_hall, grunt_orc_community_big_house_2,
          grunt_orc_community_big_house_2, grunt_orc_community_house_3,
          grunt_orc_community_house_3, grunt_orc_community_house_1,
          grunt_orc_community_house_2, uniq_urug, uniq_maurice
Elf:1:    mu_elemental_laboratory, serial_shops, nicolae_shop_crystal,
          hangedman_elf_represent, moated_statue, minmay_elf_necromancy
Elf:2:    serial_shops, statue_bzr, shop, shop, shop, shop
Elf:3:    minmay_elf_hall_quartered_circle, roderic_lattice_octagonal_star
Vaults:1: hangedman_vaults_stream, hangedman_vaults_nails,
          nicolae_vaults_ninety_degrees, vaults_room_corners,
          hangedman_vaults_impose, hangedman_vaults_stitches,
          nicolae_vaults_an_arrangement, vaults_room_door_ring,
          ontoclasm_vaults_twist, serial_shops, shop, basic_altar
Vaults:2: v_misc_22, ontoclasm_vaults_hangar, v_misc_22, vaults_mumra_hex,
          nicolae_vaults_little_squares_2, ontoclasm_vaults_shuriken, v_misc_26,
          hangedman_vaults_impose, v_pattern_1, vaults_room_door_ring,
          infiniplex_enter_wizlab_glasses, serial_shops, shop_fountains
Vaults:3: nicolae_vaults_gold_heap, v_misc_22, nicolae_vaults_asterisk,
          minmay_crypt_entry_necro_gods, hangedman_vaults_cutoff,
          vaults_room_octagon, grunt_vaults_twisty,
          ontoclasm_vaults_decontamination, nicolae_vaults_theta, v_misc_13,
          v_misc_2, hangedman_vaults_nails, v_misc_13, vaults_room_door_ring,
          nicolae_vaults_little_squares_1, v_alt_pattern_2,
          nicolae_vaults_rhombus_5, serial_shops, shop, uniq_nikola, uniq_mennas
Vaults:4: vaults_standard_mumra_enter_the_diamond, vaults_dpeg_ring,
          nicolae_vaults_what_the_h, v_misc_30, v_misc_13,
          nicolae_vaults_asterisk, hangedman_vaults_capsules,
          nicolae_vaults_yaktaur_gun_rack, hangedman_vaults_river_flow,
          grunt_vaults_hallway_short, serial_shops, shop
Vaults:5: serial_shops
Depths:1: hangedman_abyss_or_decor_slice, rand_demon_pan_entry_8,
          grunt_hell_entry_dis_old, due_unseen_surprise, firewood_loft,
          serial_bayou_shore_b
Depths:2: hangedman_pleasuredromes, hell_entry
Depths:3: vault_1, nicolae_twisting_strands, rand_demon_pan_entry_3, hell_entry,
          minmay_tree_intersection
Depths:4: kennysheep_big_flooded_room, enter_ziggurat_c, abyss_entry,
          lightli_too_deep, solitary_fountain
Depths:5: evilmike_zot_entry_basic, hell_entry, nrook_pool_corridor,
          serial_shops, bzr_entry_lakeside
Zot:1:    grunt_deathspiral_small, st_stairs_5
Zot:3:    bh_zot_ikea_curve, lemuel_elevator, grunt_megastairs_4
Zot:4:    kennysheep_oblong_rooms, st_single_dragon_hoard_1
Zot:5:    uniq_tiamat
Bazaar:   bazaar_minmay_row

Skill      XL: |  1  2  3  4  5  6  7  8  9 10 11 12 13 14 15 16 17 18 19 20 21 22 23 24 25 26 27 |
---------------+----------------------------------------------------------------------------------+-----
Conjurations   | 2 3 4 5 6 7 9 10 11 12 13 14 15 17 18 19 21 22 23 24 | 24.0
Spellcasting   | 3 4 5 6 7 8 9 10 11 12 13 14 15 16 21 | 21.5
Fire Magic     | 4 5 7 9 10 11 12 13 14 15 16 17 18 19 20 21 22 | 22.4
Fighting       | 1 4 6 7 9 10 11 12 13 14 15 21 | 21.0
Dodging        | 2 3 4 5 6 10 | 10.0
Charms         | 2 3 4 5 |  5.0
Polearms       | 2 3 5 |  5.0
Armour         | 1 5 7 8 10 15 | 15.2
Shields        | 3 6 8 10 12 13 15 | 15.0
Earth Magic    | 2 6 8 9 10 11 12 18 | 18.9
Evocations     | 4 7 8 12 | 12.0
Stealth        | |  2.1

Action                   |  1- 3 |  4- 6 |  7- 9 | 10-12 | 13-15 | 16-18 | 19-21 | 22-24 | 25-27 || total
-------------------------+-------+-------+-------+-------+-------+-------+-------+-------+-------++-------
Melee: Mace              |    14 |     5 |       |       |       |       |       |       |       ||    19
       Halberd           |       |    59 |    14 |    31 |       |       |       |       |       ||   104
       Dagger            |       |    26 |       |       |       |       |       |       |       ||    26
       Short sword       |       |     4 |   120 |    85 |       |       |       |       |       ||   209
       Demon trident     |       |       |       |    35 |    17 |    55 |   212 |    85 |       ||   404
       Staff             |       |       |       |    16 |       |       |     3 |     9 |    25 ||    53
       Morningstar       |       |       |       |       |       |       |       |     9 |     5 ||    14
 Cast: Flame Tongue      |    49 |    47 |   125 |   228 |    75 |       |       |       |       ||   524
       Throw Flame       |     9 |    59 |   159 |   190 |   416 |    39 |    36 |    43 |     2 ||   953
       Conjure Flame     |       |     7 |     9 |    23 |    21 |     4 |     4 |     6 |       ||    74
       Sticky Flame      |       |       |    15 |    45 |   123 |    35 |    78 |    66 |     9 ||   371
       Fireball          |       |       |     1 |    30 |   258 |   338 |   505 |   375 |   255 ||  1762
       Shock             |       |       |       |    12 |    80 |     3 |       |       |       ||    95
       Swiftness         |       |       |       |     4 |     1 |       |       |     1 |       ||     6
       Magic Dart        |       |       |       |     7 |     1 |       |       |       |       ||     8
       Iskenderun's Batt |       |       |       |       |    43 |    15 |     1 |     2 |       ||    61
       Lee's Rapid Decon |       |       |       |       |    10 |    14 |    32 |    52 |     3 ||   111
       Iron Shot         |       |       |       |       |       |     7 |    27 |   166 |   114 ||   314
       Lehudib's Crystal |       |       |       |       |       |       |       |    16 |   192 ||   208
       Ring of Flames    |       |       |       |       |       |       |       |       |     9 ||     9
       Fire Storm        |       |       |       |       |       |       |       |       |   304 ||   304
 Abil: Fly               |       |       |       |       |       |     3 |       |     1 |       ||     4
       Stop Flying       |       |       |       |       |       |     2 |       |     1 |       ||     3
       Evoke Invisibilit |       |       |       |       |       |       |       |     1 |       ||     1
Evoke: Wand              |       |       |       |       |     3 |       |    25 |     8 |     9 ||    45
       Phantom mirror    |       |       |       |       |       |       |     1 |       |       ||     1
       Staff of energy   |       |       |       |       |       |       |       |   104 |    48 ||   152
  Use: Scroll            |     2 |     1 |     7 |    13 |    20 |    16 |    15 |    10 |    29 ||   113
       Potion            |       |       |     3 |       |     2 |     1 |     3 |     7 |    11 ||    27
 Stab: Sleeping          |       |     2 |       |       |       |       |       |       |       ||     2
  Eat: Chunk             |     3 |    10 |    12 |    28 |    57 |    26 |    33 |    26 |    57 ||   252
       Ration            |       |     1 |     3 |     2 |     4 |    10 |     8 |    13 |    59 ||   100
Armor: Robe              |    17 |    22 |    51 |    73 |       |       |       |       |       ||   163
       Troll leather arm |       |       |       |    71 |       |       |       |       |       ||    71
       Ice dragon scales |       |       |       |       |   255 |   176 |   360 |   164 |       ||   955
       Quicksilver drago |       |       |       |       |       |       |       |    71 |   192 ||   263
Dodge: Dodged            |    24 |    67 |    96 |   232 |   131 |    83 |   368 |   307 |   246 ||  1554
Block: Other             |       |       |       |    47 |    23 |       |       |       |       ||    70
       Reflection        |       |       |       |     1 |    10 |       |    24 |    23 |    21 ||    79
       Shield            |       |       |       |       |   152 |   118 |   322 |   323 |   194 ||  1109

Table legend:
 A = Non-vault XP
 B = Vault XP
 C = Vault XP percentage of total XP
 D = Non-vault monster count
 E = Vault monster count
 F = Vault count percentage of total count
                 A         B        C        D         E       F
            +---------+---------+-------+---------+---------+-------
      Total |  981997 |  936476 |  48.8 |    1733 |     982 |  36.2
            +---------+---------+-------+---------+---------+-------
        D:1 |      60 |       5 |   7.7 |      32 |       1 |   3.0
        D:2 |     302 |      37 |  10.9 |      24 |       1 |   4.0
        D:3 |     200 |       4 |   2.0 |      28 |       2 |   6.7
        D:4 |     892 |     358 |  28.6 |      26 |      12 |  31.6
        D:5 |     852 |       0 |   0.0 |      23 |       0 |   0.0
        D:6 |     403 |    1049 |  72.2 |      17 |      59 |  77.6
        D:7 |    1143 |    1060 |  48.1 |      18 |       1 |   5.3
        D:8 |    1977 |    1445 |  42.2 |      41 |       3 |   6.8
        D:9 |    2361 |     298 |  11.2 |      18 |       2 |  10.0
       D:10 |    1374 |    1805 |  56.8 |       8 |       2 |  20.0
       D:11 |    8258 |    1180 |  12.5 |      49 |       1 |   2.0
       D:12 |    9607 |    2732 |  22.1 |      57 |      14 |  19.7
       D:13 |   12082 |    1768 |  12.8 |      39 |       3 |   7.1
       D:14 |    5699 |   11550 |  67.0 |      15 |      29 |  65.9
       D:15 |   45869 |    9197 |  16.7 |      76 |      18 |  19.1
     Lair:1 |    3577 |    2108 |  37.1 |      19 |      11 |  36.7
     Lair:2 |    3510 |    3388 |  49.1 |      22 |       3 |  12.0
     Lair:3 |    6463 |    2869 |  30.7 |      19 |      11 |  36.7
     Lair:4 |    4974 |     550 |  10.0 |      17 |       1 |   5.6
     Lair:5 |    4971 |       0 |   0.0 |      23 |       0 |   0.0
     Lair:6 |    3591 |   10851 |  75.1 |      12 |      38 |  76.0
   Shoals:1 |   11794 |       0 |   0.0 |      23 |       0 |   0.0
   Shoals:2 |   12908 |       0 |   0.0 |      29 |       0 |   0.0
   Shoals:3 |   20281 |       0 |   0.0 |      35 |       0 |   0.0
   Shoals:4 |    9603 |   37249 |  79.5 |      17 |      52 |  75.4
   Spider:1 |   16361 |       0 |   0.0 |      53 |       0 |   0.0
   Spider:2 |   21283 |       0 |   0.0 |      56 |       0 |   0.0
   Spider:3 |   11931 |    1603 |  11.8 |      38 |       3 |   7.3
   Spider:4 |   11781 |   46281 |  79.7 |      37 |      80 |  68.4
    Slime:1 |   18059 |       0 |   0.0 |      29 |       0 |   0.0
    Slime:2 |   14676 |       0 |   0.0 |      24 |       0 |   0.0
    Slime:3 |    3987 |       0 |   0.0 |       3 |       0 |   0.0
    Slime:4 |   28827 |       0 |   0.0 |      50 |       0 |   0.0
    Slime:5 |   20196 |   35414 |  63.7 |      44 |      16 |  26.7
      Orc:1 |     905 |       0 |   0.0 |      12 |       0 |   0.0
      Orc:2 |    4771 |    7563 |  61.3 |      31 |      63 |  67.0
      Elf:1 |    7586 |   19466 |  72.0 |      11 |      36 |  76.6
      Elf:2 |   19842 |   23333 |  54.0 |      32 |      31 |  49.2
      Elf:3 |   12874 |   49555 |  79.4 |      25 |      31 |  55.4
   Vaults:1 |   21403 |   22223 |  50.9 |      52 |      43 |  45.3
   Vaults:2 |   38572 |   10629 |  21.6 |      70 |      20 |  22.2
   Vaults:3 |   42576 |   19699 |  31.6 |      64 |      29 |  31.2
   Vaults:4 |   52227 |   41096 |  44.0 |      73 |      42 |  36.5
   Vaults:5 |   32003 |  114123 |  78.1 |      42 |      79 |  65.3
   Depths:1 |   18024 |   12094 |  40.2 |      21 |      17 |  44.7
   Depths:2 |    2915 |  107960 |  97.4 |       9 |      88 |  90.7
   Depths:3 |   28727 |   31351 |  52.2 |      30 |      33 |  52.4
   Depths:4 |   55934 |   14049 |  20.1 |      38 |       6 |  13.6
   Depths:5 |   31232 |   11003 |  26.1 |      39 |       8 |  17.0
      Zot:1 |   37265 |   74777 |  66.7 |      15 |      40 |  72.7
      Zot:2 |   88113 |    8954 |   9.2 |      54 |       1 |   1.8
      Zot:3 |   60562 |    2949 |   4.6 |      39 |       1 |   2.5
      Zot:4 |   46599 |    4153 |   8.2 |      22 |       1 |   4.3
      Zot:5 |   60015 |  188698 |  75.9 |      33 |      50 |  60.2
            +---------+---------+-------+---------+---------+-------

Vault maps used:
D:1:      dpeg_arrival_brainrot, kennysheep_pointless_box
D:2:      nicolae_overflow_quartered_altars, uniq_jessica
D:3:      first_ration, minmay_goblin_kobold_house
D:4:      old_standard_altar, st_stairs_4, minivault_19,
          lexackson_kobold_supper, uniq_duvessa, uniq_natasha
D:5:      minmay_temple_entry_enclosed_plants, kennysheep_nub,
          grunt_decor_fettered
D:6:      minmay_goblin_kobold_castle, gammafunk_ghost_icy
D:7:      nicolae_overflow_crystal_walls, minivault_26, uniq_harold
D:8:      kennysheep_little_box, ebering_ghost_rock_garden, serial_shops, shop
D:9:      nicolae_dithmenos_the_darkroom, david_lair_generic
D:10:     gammafunk_ghost_smash, uniq_nergalle, uniq_erolcha
D:11:     uniq_snorg
D:12:     orc_david_3, grunt_gozag_statues
D:13:     gammafunk_ghost_split, grunt_tengu_nest, minmay_protected_statue,
          uniq_azrael
D:14:     minmay_the_grid_square_5x5_3x3, david_vaults_3, serial_shops, shop,
          hangedman_decor_growths
D:15:     grunt_enter_depths_snipers, minmay_misc_feat_doors, laboratory,
          uniq_louise, uniq_roxanne
Temple:   nicolae_temple_great_sept
Lair:1:   roderic_batcave, st_stairs_3, serial_bayou_ford_a,
          minmay_lair_oklob_chamber, serial_bayou_shore_a
Lair:2:   dragon1_lemuel, grunt_megastairs_2, uniq_gastronok
Lair:3:   elwin_shoals_entry_rocks, nicolae_spider_entry_tight_spaces,
          patterned_corridor, grunt_megastairs_1
Lair:4:   st_stairs_4
Lair:6:   evil_forest, minmay_slime_entry_jelly_boxes
Shoals:3: serial_shops, bzr_entry_islet
Shoals:4: shoals_end_hangedman, shoal_ilsuiw,
          portal_ice_cave_entry_ice_statue_one, argonaut_gorgonesque,
          uniq_polyphemus
Spider:4: floodkiller_spider_rune_tomb, nicolae_spider_nook, uniq_arachne
Slime:3:  cheibrodos_slime_lost_civilization_7
Orc:1:    basic_altar
Orc:2:    grunt_orc_community_town_hall, grunt_orc_community_big_house_2,
          grunt_orc_community_big_house_2, grunt_orc_community_house_3,
          grunt_orc_community_house_3, grunt_orc_community_house_1,
          grunt_orc_community_house_2, uniq_urug, uniq_maurice
Elf:1:    mu_elemental_laboratory, serial_shops, nicolae_shop_crystal,
          hangedman_elf_represent, moated_statue, minmay_elf_necromancy
Elf:2:    serial_shops, statue_bzr, shop, shop, shop, shop
Elf:3:    minmay_elf_hall_quartered_circle, roderic_lattice_octagonal_star
Vaults:1: hangedman_vaults_stream, hangedman_vaults_nails,
          nicolae_vaults_ninety_degrees, vaults_room_corners,
          hangedman_vaults_impose, hangedman_vaults_stitches,
          nicolae_vaults_an_arrangement, vaults_room_door_ring,
          ontoclasm_vaults_twist, serial_shops, shop, basic_altar
Vaults:2: v_misc_22, ontoclasm_vaults_hangar, v_misc_22, vaults_mumra_hex,
          nicolae_vaults_little_squares_2, ontoclasm_vaults_shuriken, v_misc_26,
          hangedman_vaults_impose, v_pattern_1, vaults_room_door_ring,
          infiniplex_enter_wizlab_glasses, serial_shops, shop_fountains
Vaults:3: nicolae_vaults_gold_heap, v_misc_22, nicolae_vaults_asterisk,
          minmay_crypt_entry_necro_gods, hangedman_vaults_cutoff,
          vaults_room_octagon, grunt_vaults_twisty,
          ontoclasm_vaults_decontamination, nicolae_vaults_theta, v_misc_13,
          v_misc_2, hangedman_vaults_nails, v_misc_13, vaults_room_door_ring,
          nicolae_vaults_little_squares_1, v_alt_pattern_2,
          nicolae_vaults_rhombus_5, serial_shops, shop, uniq_nikola, uniq_mennas
Vaults:4: vaults_standard_mumra_enter_the_diamond, vaults_dpeg_ring,
          nicolae_vaults_what_the_h, v_misc_30, v_misc_13,
          nicolae_vaults_asterisk, hangedman_vaults_capsules,
          nicolae_vaults_yaktaur_gun_rack, hangedman_vaults_river_flow,
          grunt_vaults_hallway_short, serial_shops, shop
Vaults:5: serial_shops
Depths:1: hangedman_abyss_or_decor_slice, rand_demon_pan_entry_8,
          grunt_hell_entry_dis_old, due_unseen_surprise, firewood_loft,
          serial_bayou_shore_b
Depths:2: hangedman_pleasuredromes, hell_entry
Depths:3: vault_1, nicolae_twisting_strands, rand_demon_pan_entry_3, hell_entry,
          minmay_tree_intersection
Depths:4: kennysheep_big_flooded_room, enter_ziggurat_c, abyss_entry,
          lightli_too_deep, solitary_fountain
Depths:5: evilmike_zot_entry_basic, hell_entry, nrook_pool_corridor,
          serial_shops, bzr_entry_lakeside
Zot:1:    grunt_deathspiral_small, st_stairs_5
Zot:3:    bh_zot_ikea_curve, lemuel_elevator, grunt_megastairs_4
Zot:4:    kennysheep_oblong_rooms, st_single_dragon_hoard_1
Zot:5:    uniq_tiamat
Bazaar:   bazaar_minmay_row

Table legend:
 A = Turns spent in this place as a percentage of turns spent in the entire game.
 B = Non-inter-level travel turns spent in this place as a percentage of non-inter-level travel turns spent in the entire game.
 C = Inter-level travel turns spent in this place as a percentage of turns spent in this place.
 D = Turns resting spent in this place as a percentage of non-inter-level travel turns spent in this place.
 E = Turns spent auto-exploring this place as a percentage of non-inter-level travel turns spent in this place.
 F = Non-inter-level travel turns spent in this place divided by the number of levels of this place that you've seen.
                   A       B       C       D       E      F
               +-------+-------+-------+-------+-------+----------------------
         Total | 100.0 | 100.0 |  10.8 |  27.8 |  56.6 | 1661.7
       Dungeon |  29.6 |  29.5 |  11.3 |  23.1 |  62.0 | 1827.3
        Temple |   0.1 |   0.1 |  14.3 |   0.0 |  95.8 |  72.0
          Lair |   9.0 |   8.6 |  14.5 |  11.9 |  74.2 | 1336.7
        Shoals |   6.8 |   6.6 |  13.3 |  33.8 |  49.7 | 1534.5
   Spider Nest |   7.6 |   7.6 |  10.9 |  34.2 |  54.0 | 1772.0
    Slime Pits |   3.0 |   3.2 |   4.2 |  62.0 |  20.2 | 595.8
  Orcish Mines |   3.1 |   3.1 |  11.5 |  24.5 |  59.3 | 1421.5
   Elven Halls |   5.9 |   6.3 |   5.2 |  32.4 |  50.7 | 1943.0
        Vaults |  12.4 |  12.7 |   8.8 |  28.7 |  55.1 | 2361.2
        Depths |  11.3 |  11.3 |  10.8 |  28.0 |  52.7 | 2096.2
           Zot |  11.2 |  11.1 |  11.6 |  32.8 |  52.8 | 2058.8
        Bazaar |   0.1 |   0.1 |   0.0 |   0.0 |  84.5 |  97.0
               +-------+-------+-------+-------+-------+----------------------

Table legend:
 A = Kills in this place as a percentage of kills in entire the game.
 B = Kills by you in this place as a percentage of kills by you in the entire game.
 C = Kills by friends in this place as a percentage of kills by friends in the entire game.
 D = Other kills in this place as a percentage of other kills in the entire game.
 E = Experience gained in this place as a percentage of experience gained in the entire game.
 F = Experience gained in this place divided by the number of levels of this place that you have seen.
                   A       B       C       D       E      F
               +-------+-------+-------+-------+-------+----------------------
         Total | 100.0 | 100.0 | 100.0 | 100.0 | 100.0 | 34512.9
       Dungeon |  23.0 |  23.3 |   0.0 |   7.1 |   6.8 | 8822.9
          Lair |   6.5 |   6.5 |   0.0 |   0.0 |   2.4 | 7808.7
        Shoals |   5.7 |   5.8 |   0.0 |   0.0 |   4.8 | 22958.8
   Spider Nest |   9.8 |   9.9 |   0.0 |   0.0 |   5.7 | 27310.0
    Slime Pits |   6.1 |   6.0 |  25.0 |   0.0 |   6.3 | 24231.8
  Orcish Mines |   3.9 |   3.9 |   0.0 |   0.0 |   0.7 | 6619.5
   Elven Halls |   6.1 |   6.1 |   0.0 |  14.3 |   6.9 | 44218.7
        Vaults |  18.8 |  18.6 |  20.8 |  57.1 |  20.4 | 78910.2
        Depths |  10.7 |  10.7 |   0.0 |  21.4 |  16.4 | 63206.2
           Zot |   9.5 |   9.1 |  54.2 |   0.0 |  29.7 | 114963.4
               +-------+-------+-------+-------+-------+----------------------
